 Dungeon Sprint DCSS version 0.28.0-49-g6dfe1f597d (webtiles) character file.

Game seed: 17871018046108531881

1000000 Zeld the Spry (level 12, -26/106 HPs)
             Began as a Djinni Monk on May 18, 2022.
             Was a Believer of Makhleb.
             Annihilated by a meat berserker
             ... wielding a +9 battleaxe
              (78 damage)
             ... in the Dungeon (Sprint VIII: "Arena of Blood").
             The game lasted 00:00:17 (10 turns).

Zeld the Spry (Djinni Monk)                           Turns: 10, Time: 00:00:18

Health: -26/106    AC:  2    Str: 14    XL:     12   Next: 35%
Gold:   0          EV: 23    Int: 12    God:    Makhleb [**....] SH:  0 Dex: 17

rFire   + + .      SeeInvis .   g - +∞ Axe of Woe
rCold   x . .      Faith    .   (shield currently unavailable)
rNeg    . . .      Spirit   .   a - +0 robe
rPois   ∞          Reflect  .   (no helmet)
rElec   .          Harm     .   (no cloak)
rCorr   .          Rampage  .   (no gloves)
Will    +....      NoTele   +   (boots unavailable)
Stlth   +++.......              (no amulet)
HPRegen 0.27/turn               (no ring)
MPRegen 0.00/turn               (no ring)

@: flying
A: sickness immunity, fire resistance 2, cold vulnerability 1, float, innate
caster, HP casting, extra vitality 1
a: Renounce Religion, Minor Destruction


You were in the Dungeon.
You worshipped Makhleb.
Makhleb was pleased with you.
You visited 1 branch

Inventory:

Hand Weapons
 g - the +∞ Axe of Woe (weapon)
   (You found it in the Dungeon)
Armour
 a - a +0 robe (worn)
Scrolls
 f - a scroll of blinking
Potions
 b - a potion of curing
 c - a potion of heal wounds
 d - a potion of haste
 e - a potion of berserk rage


   Skills:
 + Level 17.0 Fighting
 + Level 4.0 Axes
 + Level 18.4 Dodging
 + Level 6.3 Stealth
 + Level 16.9 Unarmed Combat


You couldn't memorise any spells.
You knew the following spells:

 Your Spells              Type           Power      Damage    Failure   Level
a - Beastly Appendage     Tmut           0%         N/A       32%         1
b - Corpse Rot            Necr/Air       0%         N/A       45%         2
c - Swiftness             Air            0%         N/A       69%         3
d - Ignite Poison         Fire/Tmut/Pois 0%         N/A       69%         3
e - Summon Mana Viper     Hex/Summ       0%         N/A       100%        5
Your spell library was empty.


Dungeon Overview and Level Annotations

Branches:
Dungeon (1/1)

Altars:
Makhleb


Innate Abilities, Weirdness & Mutations

You are immune to sickness and miasma.
You are immune to poison.
Your flesh is very heat resistant. (rF++)
You are vulnerable to cold. (rC-)
You float through the air rather than walking.
You learn spells naturally, not from books.
Your magical power is your life essence.
You have superior vitality. (+4 MHP)


Message History

You hit the bag of meat.
You slaughter the bag of meat joyfully.
You kill the bag of meat!
Makhleb accepts your kill.
The bag of meat appears out of thin air!
A bag of meat comes into view. It is wielding a +9 war axe.
You hear a shout! x7
The meat berserker rages.
You hear a shout!
A bag of meat comes into view. It is wielding a +9 war axe.
You hear a shout! x5
A bag of meat comes into view. It is wielding a +9 war axe.
You hear a shout!
The bag of meat moves out of view.
You hear a shout!
Your Fighting skill gained 3 levels and is now at level 17!
Your Axes skill gained 2 levels and is now at level 4!
Your Dodging skill gained 2 levels and is now at level 18!
Your Stealth skill increases to level 6!
Your Unarmed Combat skill gained 2 levels and is now at level 16!
You have reached level 12!
You feel agile.
Unknown command.
Cast which spell? (? or * to list) It is impossible to cast this spell (100% risk of failure)!
Unknown command.
You hear a shout! x9
The meat berserker rages.
You hear a shout! x2
You slash the bag of meat!
You dissect the bag of meat like a pig carcass.
You kill the bag of meat!
Makhleb accepts your kill.
You hear a shout!
A meat berserker comes into view. It is wielding a +9 battleaxe.
You hear a shout! x12
The meat berserker hits you with a +9 battleaxe!!!
Ouch! That really hurt!
The meat berserker hits you with a +9 battleaxe!!!!
Ouch! That really hurt!
You die...

.. .. .. .. #O
.# #.. o.#
.###.. ..###.
......###......
......._o......
....#..O..#....
. #_O@)_# .
#.o.).#
..o.._.....
..o...###......
.###.. ..###.
#.. ..# #.. ..#
.. ..


You could see 3 meat berserkers and 5 bags of meat.

Vanquished Creatures
  3 orcs (D)
3 creatures vanquished.

Notes
Turn   | Place    | Note
-------+----------+-------------------------------------------
     0 | D        | Found the +∞ Axe of Woe
     0 | D        | Zeld the Djinni Monk began the quest for the Orb.
     0 | D        | Reached XP level 1. HP: 20/20 MP: 0/0
     1 | D        | Noticed a bag of meat
     3 | D        | Noticed a bag of meat
     4 | D        | Became a worshipper of Makhleb the Destroyer
     4 | D        | Reached * piety under Makhleb
     4 | D        | Reached ** piety under Makhleb
     5 | D        | Noticed a bag of meat
     5 | D        | Noticed a bag of meat
     5 | D        | Noticed a meat berserker
     6 | D        | Noticed a bag of meat
     6 | D        | Noticed a bag of meat
     7 | D        | Killed a bag of meat
     7 | D        | Noticed a meat berserker
     7 | D        | Noticed a bag of meat
     8 | D        | Reached skill level 16 in Dodging
     8 | D        | Reached skill level 5 in Stealth
     8 | D        | Reached XP level 2. HP: 42/42 MP: 0/0
     8 | D        | Reached XP level 3. HP: 48/48 MP: 0/0
     8 | D        | Learned a level 1 spell: Beastly Appendage
     8 | D        | Reached XP level 4. HP: 54/54 MP: 0/0
     8 | D        | Reached XP level 5. HP: 59/59 MP: 0/0
     8 | D        | Learned a level 2 spell: Corpse Rot
     8 | D        | Reached XP level 6. HP: 66/66 MP: 0/0
     8 | D        | Reached XP level 7. HP: 71/71 MP: 0/0
     8 | D        | Learned a level 3 spell: Swiftness
     8 | D        | Reached XP level 8. HP: 77/77 MP: 0/0
     8 | D        | Reached XP level 9. HP: 83/83 MP: 0/0
     8 | D        | Learned a level 3 spell: Ignite Poison
     8 | D        | Reached XP level 10. HP: 89/89 MP: 0/0
     8 | D        | Reached XP level 11. HP: 94/94 MP: 0/0
     8 | D        | Learned a level 5 spell: Summon Mana Viper
     8 | D        | Killed a bag of meat
     8 | D        | Noticed a bag of meat
     8 | D        | Noticed a bag of meat
     9 | D        | Reached skill level 18 in Dodging
     9 | D        | Reached XP level 12. HP: 106/106 MP: 0/0
     9 | D        | Noticed a bag of meat
    10 | D        | Killed a bag of meat
    10 | D        | Noticed a meat berserker
    10 | D        | Annihilated by a meat berserker

Illustrated notes

Levels and vault maps discovered:
D:        meatsprint

Skill      XL: |  1  2  3  4  5  6  7  8  9 10 11 |
---------------+----------------------------------+-----
Fighting       | 14 17 | 17.0
Axes           | 2 4 |  4.0
Dodging        | 16 18 | 18.4
Stealth        | 5 6 |  6.3
Unarmed Combat | 14 16 | 16.9

Action                   |  1- 3 |  4- 6 |  7- 9 | 10-12 || total
-------------------------+-------+-------+-------+-------++-------
Melee: Executioner's axe |     1 |       |       |     2 ||     3
